[Event "*** SCC Grand Prix: Titled Tuesday Blitz"]
[Site "Chess.com"]
[Date "2020.10.13"]
[Round "5"]
[White "PavelChernomordik"]
[Black "C_K_G"]
[Result "1-0"]
[WhiteElo "2328"]
[BlackElo "2029"]
[TimeControl "180+1"]
[EndTime "10:52:33 PDT"]
[Termination "PavelChernomordik won by resignation"]

1. e4 c5 2. Nc3 d6 3. f4 Nc6 4. Nf3 e6 5. g3 Be7 6. Bg2 Nf6 7. O-O O-O 8. d3 a6 9. h3 Qc7 10. g4 b5 11. Ne2 Bb7 12. Ng3 Nd7 13. g5 Rac8 14. h4 Nd4 15. c3 Nxf3+ 16. Qxf3 d5 17. e5 d4 18. Qxb7 Qd8 19. Qe4 Nb6 20. h5 Nd5 21. c4 bxc4 22. dxc4 Nb4 23. a3 Nc6 24. g6 fxg6 25. hxg6 h6 26. Bh3 Qd7 27. f5 Nd8 28. f6 gxf6 29. Bxh6 f5 30. Nxf5 exf5 31. Bxf5 Rxf5 32.
Rxf5 Qxf5 33. Qxf5 1-0

[Event "*** SCC Grand Prix: Titled Tuesday Blitz"]
[Site "Chess.com"]
[Date "2020.10.13"]
[Round "5"]
[White "Omk124"]
[Black "janumber1"]
[Result "1-0"]
[WhiteElo "2477"]
[BlackElo "2196"]
[TimeControl "180+1"]
[EndTime "10:52:35 PDT"]
[Termination "Omk124 won by checkmate"]

1. e4 c5 2. Nf3 e6 3. d4 cxd4 4.
Nxd4 Nc6 5. g3 h5 6. Nc3 h4 7.
Nxc6 bxc6 8. Bg2 Rb8 9. O-O hxg3 10. hxg3 Qf6 11. e5 Qg6 12. Ne4 Qh7 13. f4 Nh6 14.
Be3 Nf5 15. Bxa7 Rxb2 16. Rb1 Rxa2 17. Rb8 Rxa7 18. Rxc8+ Ke7 19. Qd6+ Nxd6 20. exd6# 1-0

[Event "*** SCC Grand Prix: Titled Tuesday Blitz"]
[Site "Chess.com"]
[Date "2020.10.13"]
[Round "5"]
[White "nochewycandy"]
[Black "peixe64"]
[Result "0-1"]
[WhiteElo "2540"]
[BlackElo "2372"]
[TimeControl "180+1"]
[EndTime "10:52:54 PDT"]
[Termination "peixe64 won by resignation"]

1. e4 e5 2. Qh5 Nc6 3. Bc4 g6 4. Qf3 Nf6 5. Ne2 Bg7 6. Nbc3 O-O 7. d3 d6 8. Bg5 h6 9. Bd2 Na5 10. h3 Nxc4 11. dxc4 c6 12. O-O-O Qc7 13. g4 Be6 14. b3 a5 15. Be3 Nd7 16. h4 a4 17. h5 axb3 18.
axb3 g5 19. Kb2 Ra6 20. Ra1 Rfa8 21. Ng3 Rxa1 22. Rxa1 Rxa1 23. Kxa1 d5 24. cxd5 cxd5 25. Nxd5 Bxd5 26. exd5 e4+ 0-1

[Event "*** SCC Grand Prix: Titled Tuesday Blitz"]
[Site "Chess.com"]
[Date "2020.10.13"]
[Round "5"]
[White "Flopezin"]
[Black "Lion-Al-Messi"]
[Result "0-1"]
[WhiteElo "2333"]
[BlackElo "2542"]
[TimeControl "180+1"]
[EndTime "10:52:57 PDT"]
[Termination "Lion-Al-Messi won by resignation"]

1. c4 c5 2. Nf3 Nc6 3. Nc3 g6 4. e3 Bg7 5. d4 cxd4 6. exd4 d6 7. Be2 Nf6 8. h3 O-O 9. O-O Bf5 10. b3 Rc8 11. Bb2 Ne4 12. Nxe4 Bxe4 13. Qd2 d5 14. c5 b6 15. b4 bxc5 16. bxc5 Rb8 17. Bc3 Qc7 18. Ng5 Bf5 19. g4 Bd7 20. Rab1 Bh6 21. f4 Bxg5 22. fxg5 Qg3+ 23. Kh1 Qxh3+ 24.
Kg1 Bxg4 25. Ba6 Qg3+ 26. Qg2 Qe3+ 27. Kh1 Bh3 0-1

[Event "*** SCC Grand Prix: Titled Tuesday Blitz"]
[Site "Chess.com"]
[Date "2020.10.13"]
[Round "5"]
[White "sopo-tereladze"]
[Black "Klavdia_Nik"]
[Result "1-0"]
[WhiteElo "2282"]
[BlackElo "2117"]
[TimeControl "180+1"]
[EndTime "10:52:57 PDT"]
[Termination "sopo-tereladze won by resignation"]

1. d4 Nf6 2. Nf3 c5 3. c3 b6 4. Bf4 Bb7 5. e3 g6 6. Bd3 Bg7 7. Nbd2 O-O 8. O-O d6 9. h3 Nbd7 10. Re1 Nd5 11. Bg3 e5 12. Ne4 Qe7 13. dxe5 dxe5 14. Bc4 N5f6 15. Nd6 Bc6 16. Ng5 h6 17. Ndxf7 hxg5 18. Nxe5+ Kh8 19. Nxg6+ 1-0

[Event "*** SCC Grand Prix: Titled Tuesday Blitz"]
[Site "Chess.com"]
[Date "2020.10.13"]
[Round "5"]
[White "Castleqweenside7447"]
[Black "BJthechessgod"]
[Result "1-0"]
[WhiteElo "2437"]
[BlackElo "2250"]
[TimeControl "180+1"]
[EndTime "10:53:06 PDT"]
[Termination "Castleqweenside7447 won by resignation"]

1. e4 c5 2. Nf3 Nc6 3. Bb5 g6 4. Bxc6 dxc6 5. d3 Bg7 6. h3 Qc7 7. Nc3 e5 8. Be3 b6 9. Qd2 Ne7 10. Bh6 O-O 11. h4 f5 12. h5 f4 13. Bxg7 Kxg7 14.
hxg6 hxg6 15. Ne2 Bg4 16. Qc3 Bxf3 17. gxf3 Rh8 18. Kd2 Qd6 19. Nxf4 Qf6 20. Ne2 Qg5+ 21. f4 Qf6 22. Qxe5 Qxe5 23. fxe5 Rhf8 24. f4 g5 25. Rag1 Ng6 26. Rxg5 1-0

[Event "*** SCC Grand Prix: Titled Tuesday Blitz"]
[Site "Chess.com"]
[Date "2020.10.13"]
[Round "5"]
[White "BikingBrian"]
[Black "fabianvivasz"]
[Result "1-0"]
[WhiteElo "2219"]
[BlackElo "2339"]
[TimeControl "180+1"]
[EndTime "10:53:08 PDT"]
[Termination "BikingBrian won on time"]

1. d4 Nf6 2. Bg5 c5 3. Nc3 cxd4 4. Qxd4 Nc6 5. Qh4 e6 6. e4 Be7 7. O-O-O h6 8. f4 O-O 9. Bxh6 gxh6 10. Qxh6 Ne8 11.
Rd3 Bf6 12. Rh3 Bh4 13. Rxh4 Qxh4 14. Qxh4 Ng7 15. Nf3 f6 16. g4 d6 17. g5 fxg5 18.
Nxg5 1-0

[Event "*** SCC Grand Prix: Titled Tuesday Blitz"]
[Site "Chess.com"]
[Date "2020.10.13"]
[Round "5"]
[White "tandaleo"]
[Black "bratkoo"]
[Result "1-0"]
[WhiteElo "2349"]
[BlackElo "2521"]
[TimeControl "180+1"]
[EndTime "10:53:14 PDT"]
[Termination "tandaleo won by checkmate"]

1. d4 e6 2. c4 d5 3. Nc3 c6 4. Nf3 dxc4 5. e3 b5 6. a4 Bb4 7. Bd2 Qb6 8. axb5 cxb5 9. Ne5 Bb7 10. Qg4 g6 11. Be2 Nf6 12. Qf4 Nbd7 13. Bf3 O-O 14.
h4 Bxf3 15. gxf3 Nxe5 16. Qxe5 Bxc3 17. bxc3 Nd7 18. Qg3 Rfe8 19. h5 e5 20. hxg6 hxg6 21. Qh3 Qe6 22. Qh8# 1-0

[Event "*** SCC Grand Prix: Titled Tuesday Blitz"]
[Site "Chess.com"]
[Date "2020.10.13"]
[Round "5"]
[White "kidagent"]
[Black "SabKaD4ddy"]
[Result "0-1"]
[WhiteElo "2274"]
[BlackElo "2515"]
[TimeControl "180+1"]
[EndTime "10:53:25 PDT"]
[Termination "SabKaD4ddy won by resignation"]

1. e4 c5 2. Nf3 d6 3. d4 cxd4 4. Nxd4 Nf6 5. Nc3 a6 6. Bg5 e6 7.
f4 Be7 8. Qf3 h6 9. Bh4 Qc7 10.
O-O-O Nbd7 11. Bd3 g5 12. fxg5 Ne5 13. Qf2 Nfg4 14. Qe2 hxg5 15. Bg3 b5 16. h3 Nf6 17. Kb1 Bb7 18. Rhf1 Nh5 19. Bh2 Nf4 20. Bxf4 gxf4 21.
Nf3 O-O-O 22. Nd4 Kb8 23. Rxf4 Nxd3 24. cxd3 e5 25. Ndxb5 axb5 26. Rxf7 b4 27. Nb5 Qd7 28. d4 Qe6 29. Rg7 exd4 30. Nxd4 Qxe4+ 31. Qxe4 Bxe4+ 32. Ka1 Bf6 33. Rg4 Bxd4 34. Rxe4 Bc5 35. Rf1 Rde8 36. Rxe8+ Rxe8 37. Kb1 Re2 38. g4 Bd4 39. b3 Rb2+ 0-1

[Event "*** SCC Grand Prix: Titled Tuesday Blitz"]
[Site "Chess.com"]
[Date "2020.10.13"]
[Round "5"]
[White "aisha_zakirova"]
[Black "nelsoncopa"]
[Result "1-0"]
[WhiteElo "2162"]
[BlackElo "1813"]
[TimeControl "180+1"]
[EndTime "10:53:27 PDT"]
[Termination "aisha_zakirova won on time"]

1. d4 d5 2. c4 e6 3. Nf3 Nf6 4. Nc3 Be7 5. Bg5 O-O 6. cxd5 exd5 7. Qc2 c6 8. e3 Bg4 9. Ne5 Bh5 10. Bd3 Nbd7 11.
Nxd7 Qxd7 12. Bxf6 Bxf6 13. Bxh7+ Kh8 14. Bf5 Qe8 15.
O-O g6 16. Bd3 g5 17. Rfe1 1-0

[Event "*** SCC Grand Prix: Titled Tuesday Blitz"]
[Site "Chess.com"]
[Date "2020.10.13"]
[Round "5"]
[White "Baby_Legs"]
[Black "Ave_Mariia"]
[Result "1-0"]
[WhiteElo "2706"]
[BlackElo "2497"]
[TimeControl "180+1"]
[EndTime "10:53:33 PDT"]
[Termination "Baby_Legs won by resignation"]

1. c4 c5 2. Nc3 g6 3. g3 Bg7 4. Bg2 Nc6 5. d3 e6 6. Bxc6 dxc6 7. f4 Ne7 8. Nf3 O-O 9. e4 Qc7 10. g4 f5 11. gxf5 exf5 12. e5 Rd8 13. Be3 b6 14. Qe2 Be6 15. b3 Rd7 16. Kf2 h6 17. h4 Rad8 18.
Rad1 Rd4 19. Rhg1 b5 20. cxb5 cxb5 21. Nxb5 Qa5 22. Nd6 R4xd6 23. exd6 Rxd6 24. Ne5 Kh7 25. Rg3 Nd5 26. Rxg6 Nxe3 27. Qxe3 Qxa2+ 28. Rd2 Qxb3 29. Qg3 Bxe5 30. fxe5 Rd7 31. h5 Qd5 32. Rxh6+ 1-0

[Event "*** SCC Grand Prix: Titled Tuesday Blitz"]
[Site "Chess.com"]
[Date "2020.10.13"]
[Round "5"]
[White "GM_Levan_Pantsulaia"]
[Black "louis198"]
[Result "1-0"]
[WhiteElo "2811"]
[BlackElo "2581"]
[TimeControl "180+1"]
[EndTime "10:53:39 PDT"]
[Termination "GM_Levan_Pantsulaia won by resignation"]

1. Nf3 d5 2. g3 e6 3. Bg2 g6 4. O-O Bg7 5. c4 Ne7 6. d4 O-O 7. Nc3 Nbc6 8. cxd5 exd5 9. Bf4 a6 10. Rc1 Nf5 11. e3 Nce7 12. Qb3 c6 13. Na4 Nd6 14. Nb6 Rb8 15. Qb4 Nef5 16. g4 a5 17. Qxa5 Nh6 18. Qb4 Nb5 19. Bxb8 Qxb6 20. a4 Bxg4 21. Bg3 Nf5 22.
axb5 h5 23. Ne5 h4 24. Nxg4 hxg3 25. hxg3 Qd8 26. bxc6 bxc6 27. Rxc6 Qg5 28. Ne5 Nxe3 29.
fxe3 Qxe3+ 30. Rf2 Ra8 31. Qd2 Ra1+ 32. Kh2 1-0

[Event "*** SCC Grand Prix: Titled Tuesday Blitz"]
[Site "Chess.com"]
[Date "2020.10.13"]
[Round "5"]
[White "Chessdude1987"]
[Black "RoelandPruijssers"]
[Result "1-0"]
[WhiteElo "2278"]
[BlackElo "2477"]
[TimeControl "180+1"]
[EndTime "10:53:46 PDT"]
[Termination "Chessdude1987 won by resignation"]

1. e4 Nf6 2. e5 Nd5 3. d4 d6 4.
Nf3 dxe5 5. Nxe5 g6 6. Be2 Bg7 7. O-O O-O 8. Bf3 Be6 9. Re1 Nd7 10. c4 Nxe5 11. dxe5 Nb4 12. Qb3 a5 13. Rd1 a4 14.
Qxb4 Qe8 15. Qxb7 Bxe5 16. Qxa8 Qxa8 17. Bxa8 Rxa8 18. Nc3 a3 19. f4 Bf6 20. Rd3 Bxc4 21. Rf3 Rd8 22. h3 axb2 23. Bxb2 Rd2 24. Rb1 Bd3 25.
Rd1 1-0

[Event "*** SCC Grand Prix: Titled Tuesday Blitz"]
[Site "Chess.com"]
[Date "2020.10.13"]
[Round "5"]
[White "MisiekZielony"]
[Black "alejanchess73"]
[Result "1-0"]
[WhiteElo "2248"]
[BlackElo "2379"]
[TimeControl "180+1"]
[EndTime "10:53:46 PDT"]
[Termination "MisiekZielony won by resignation"]

1. c4 e6 2. Nc3 b6 3. e4 c5 4. g3 Bb7 5. Bg2 d6 6. Nge2 Nd7 7. O-O a6 8. d3 Qc7 9. f4 Ngf6 10. h3 Be7 11. g4 O-O 12. g5 Ne8 13. h4 f5 14. Ng3 g6 15. exf5 gxf5 16. Re1 Bxg2 17. Kxg2 Qc6+ 18. Kh2 Nc7 19. Rg1 e5 20. Qh5 exf4 21. Bxf4 Ne5 22. Bxe5 dxe5 23. g6 hxg6 24. Nxf5 Kf7 25. Qh7+ Kf6 26. Qxe7+ Kxf5 27. Raf1+ 1-0

[Event "*** SCC Grand Prix: Titled Tuesday Blitz"]
[Site "Chess.com"]
[Date "2020.10.13"]
[Round "5"]
[White "Mbneu"]
[Black "simplerXiao"]
[Result "0-1"]
[WhiteElo "2245"]
[BlackElo "2427"]
[TimeControl "180+1"]
[EndTime "10:53:49 PDT"]
[Termination "simplerXiao won by resignation"]

1. d4 e6 2. c4 Nf6 3. Nc3 d5 4. Nf3 Bb4 5. g3 c5 6. cxd5 exd5 7. Bg2 Nc6 8. O-O O-O 9. dxc5 d4 10. Na4 Ne4 11.
a3 Bxc5 12. Nxc5 Nxc5 13. b4 Ne4 14. Bb2 Nc3 15. Qd2 Bf5 16. Bxc3 dxc3 17. Qxc3 Rc8 18. Qb2 Qe7 19. Rac1 Rcd8 20. Rfd1 h6 21. Nd4 Nxd4 22. Rxd4 Rxd4 23. Qxd4 Qxe2 24. Bxb7 Re8 25. Qxa7 Bh3 26. Qd4 Qe1+ 0-1

[Event "*** SCC Grand Prix: Titled Tuesday Blitz"]
[Site "Chess.com"]
[Date "2020.10.13"]
[Round "5"]
[White "Sn00pPawn"]
[Black "MaxLeto"]
[Result "0-1"]
[WhiteElo "1980"]
[BlackElo "2304"]
[TimeControl "180+1"]
[EndTime "10:53:53 PDT"]
[Termination "MaxLeto won by resignation"]

1. e4 c5 2. Nf3 d6 3. d4 cxd4 4. Nxd4 Nf6 5. Nc3 a6 6. Bg5 Nbd7 7. f4 Qc7 8. Qe2 h6 9. Bxf6 Nxf6 10. e5 dxe5 11.
fxe5 Bg4 12. Qe3 Nd7 13. e6 fxe6 14. h3 e5 15. Qxe5 Qxe5+ 0-1

[Event "*** SCC Grand Prix: Titled Tuesday Blitz"]
[Site "Chess.com"]
[Date "2020.10.13"]
[Round "5"]
[White "Tenamu"]
[Black "szachuspl"]
[Result "0-1"]
[WhiteElo "2361"]
[BlackElo "2559"]
[TimeControl "180+1"]
[EndTime "10:53:55 PDT"]
[Termination "szachuspl won by resignation"]

1. d4 Nf6 2. Nc3 d5 3. Bf4 Bf5 4. f3 c6 5. g4 Bg6 6. h4 h5 7. g5 Ng8 8. e3 Nd7 9. Bd3 Bxd3 10. Qxd3 g6 11. e4 e6 12. O-O-O Ne7 13. Re1 a6 14. Nh3 Bg7 15. exd5 cxd5 16. Bd6 Nb6 17. Bc5 O-O 18. Nf4 Re8 19. Nxe6 fxe6 20. Rxe6 Nd7 21. Ba3 Nf8 22. Re2 Nf5 23. Rxe8 Qxe8 24. Nxd5 Rd8 25. c4 Kh7 26. Bxf8 Qxf8 27. Re1 Rd7 28.
Re4 b5 29. Nf4 bxc4 30. Qxc4 Qd6 31. Ne6 Bxd4 32. Nxd4 Nxd4 33. Re8 Rc7 0-1

[Event "*** SCC Grand Prix: Titled Tuesday Blitz"]
[Site "Chess.com"]
[Date "2020.10.13"]
[Round "5"]
[White "AungTZ"]
[Black "TC2304"]
[Result "1-0"]
[WhiteElo "2152"]
[BlackElo "2247"]
[TimeControl "180+1"]
[EndTime "10:53:56 PDT"]
[Termination "AungTZ won by resignation"]

1. e4 c5 2. Nf3 d6 3. Bb5+ Nd7 4. O-O Nf6 5. Re1 g6 6. c3 a6 7. Bxd7+ Bxd7 8. h3 Bg7 9. d4 cxd4 10. cxd4 O-O 11. Nc3 b5 12. a3 Rc8 13. Bf4 a5 14. Qd2 Bc6 15. d5 Bd7 16. Bh6 Qb6 17. Bxg7 Kxg7 18.
e5 dxe5 19. Nxe5 Qd6 20. Qd4 b4 21. Ne4 Qc7 22. d6 exd6 23. Nxd7 Qxd7 24. Nxf6 1-0

[Event "*** SCC Grand Prix: Titled Tuesday Blitz"]
[Site "Chess.com"]
[Date "2020.10.13"]
[Round "5"]
[White "LiamVrolijk"]
[Black "Tayson_7"]
[Result "1-0"]
[WhiteElo "2839"]
[BlackElo "2604"]
[TimeControl "180+1"]
[EndTime "10:54:01 PDT"]
[Termination "LiamVrolijk won by resignation"]

1. d4 Nf6 2. c4 c5 3. d5 e6 4. Nc3 d6 5. e4 g6 6. Nge2 Bg7 7. Ng3 O-O 8. Be2 exd5 9. cxd5 a6 10. a4 Nbd7 11. O-O Ne8 12. Be3 Nc7 13. Qd2 Re8 14. f4 Rb8 15. Rab1 b5 16. axb5 Nxb5 17. Nxb5 axb5 18. b4 c4 19. Bf3 Bb7 20. Ne2 Ra8 21.
Nc3 Nf6 22. Bd4 Ra3 23. Ra1 Rb3 24. Rfb1 Rxb1+ 25. Rxb1 Ba6 26. Ra1 Qc8 27. Qa2 Bb7 28.
Nxb5 Nxe4 29. Bxg7 Kxg7 30. Bxe4 1-0

[Event "*** SCC Grand Prix: Titled Tuesday Blitz"]
[Site "Chess.com"]
[Date "2020.10.13"]
[Round "5"]
[White "Savagelittlemole"]
[Black "nrvisakh"]
[Result "0-1"]
[WhiteElo "2578"]
[BlackElo "2810"]
[TimeControl "180+1"]
[EndTime "10:54:06 PDT"]
[Termination "nrvisakh won by resignation"]

1. e4 c5 2. Ne2 Nc6 3. d4 cxd4 4. Nxd4 Nf6 5. Nc3 e5 6. Ndb5 d6 7. Bg5 a6 8. Na3 b5 9. Nd5 Be7 10. Bxf6 Bxf6 11. c4 b4 12. Nc2 a5 13. g3 O-O 14.
Bg2 g6 15. O-O Bg7 16. b3 Rb8 17. Qd3 Kh8 18. Rad1 f5 19. exf5 Bxf5 20. Be4 Bh3 21. Bg2 Bf5 22. Be4 Qd7 23. Nde3 Rbd8 24. Bxf5 gxf5 25. f4 exf4 26. Rxf4 Ne5 27. Qd5 Bh6 28. Rh4 Qg7 29. Qe6 Nf3+ 30. Kh1 Nxh4 31. gxh4 Rde8 0-1

[Event "*** SCC Grand Prix: Titled Tuesday Blitz"]
[Site "Chess.com"]
[Date "2020.10.13"]
[Round "5"]
[White "SanchezKelvin"]
[Black "poppy73"]
[Result "1-0"]
[WhiteElo "2397"]
[BlackElo "2234"]
[TimeControl "180+1"]
[EndTime "10:54:10 PDT"]
[Termination "SanchezKelvin won on time"]

1. d4 Nf6 2. c4 g6 3. Nc3 Bg7 4. Nf3 d6 5. e4 O-O 6. Be2 e5 7. O-O Nc6 8. d5 Ne7 9. Ne1 Nd7 10. Nd3 f5 11. f3 f4 12. Bd2 g5 13.
h3 Nf6 14. c5 Nh5 15. cxd6 cxd6 16. Nf2 Ng3 17. Re1 h5 18. Rc1 Ng6 19. Nb5 a6 20. Nc7 Rb8 21. Qb3 Nxe2+ 22. Rxe2 Kh7 23.
Nxa6 Ra8 24. Nc7 Rb8 25. Ne6 Bxe6 26. dxe6 Qe7 27. Bb4 Rfe8 28. Rd1 Rbd8 29. Red2 Qxe6 30. Qxe6 Rxe6 31. Rxd6 Rexd6 32. Rxd6 Rc8 33. Bc3 b5 34. Rb6 1-0

[Event "*** SCC Grand Prix: Titled Tuesday Blitz"]
[Site "Chess.com"]
[Date "2020.10.13"]
[Round "5"]
[White "PSvidler"]
[Black "Nikolakis2014"]
[Result "1-0"]
[WhiteElo "2907"]
[BlackElo "2735"]
[TimeControl "180+1"]
[EndTime "10:54:16 PDT"]
[Termination "PSvidler won by resignation"]

1. c4 Nf6 2. g3 g6 3. Bg2 Bg7 4. Nc3 O-O 5. d4 d6 6. Nf3 Nbd7 7. O-O e5 8. b3 exd4 9. Nxd4 Re8 10. e4 Nc5 11. f3 c6 12. Re1 a5 13.
Be3 Qc7 14. Qd2 Bd7 15. Rad1 Rad8 16. Bg5 Ne6 17. Nxe6 Bxe6 18. Kh1 Rd7 19. Ne2 d5 20. cxd5 cxd5 21. e5 Qxe5 22. Bf4 Qh5 23. g4 Nxg4 24. fxg4 Qxg4 25. Nd4 Qh4 26. Be5 Bh3 27. Bg3 Bxg2+ 28. Kxg2 Rxe1 29. Bxh4 Re4 30. Bf2 1-0

[Event "*** SCC Grand Prix: Titled Tuesday Blitz"]
[Site "Chess.com"]
[Date "2020.10.13"]
[Round "5"]
[White "GianmarcoVaR"]
[Black "Supernotar"]
[Result "1/2-1/2"]
[WhiteElo "2611"]
[BlackElo "2836"]
[TimeControl "180+1"]
[EndTime "10:54:23 PDT"]
[Termination "Game drawn by agreement"]

1. d4 d5 2. c4 dxc4 3. e3 Nf6 4.
Bxc4 e6 5. Nf3 a6 6. O-O b5 7.
Bb3 Bb7 8. a4 b4 9. Nbd2 Nbd7 10. e4 Be7 11. e5 Nd5 12. Ne4 O-O 13. Bg5 c5 14. dxc5 Bxg5 15. Nfxg5 h6 16. Nf3 Ne3 17. fxe3 Bxe4 18. Qd4 Bxf3 19. gxf3 Qc7 20. Qd6 Rfc8 21. Rac1 Nxc5 22. Qxc7 Rxc7 23. a5 Rac8 24. Bd1 Nd3 25. Rxc7 Rxc7 26. Be2 Nxe5 27. f4 1/2-1/2

[Event "*** SCC Grand Prix: Titled Tuesday Blitz"]
[Site "Chess.com"]
[Date "2020.10.13"]
[Round "5"]
[White "parintele_chess"]
[Black "barbara25"]
[Result "0-1"]
[WhiteElo "2128"]
[BlackElo "2260"]
[TimeControl "180+1"]
[EndTime "10:54:28 PDT"]
[Termination "barbara25 won by resignation"]

1. e4 c5 2. Nc3 a6 3. f4 b5 4. Nf3 Bb7 5. d3 e6 6. g3 Ne7 7. Bg2 g6 8. O-O Bg7 9. e5 O-O 10. d4 d6 11. dxc5 dxc5 12. Be3 c4 13. Bc5 Nbc6 14. Qxd8 Rfxd8 15. Rad1 Nd5 16. Nxd5 exd5 17.
Nd4 Nxd4 18. Rxd4 Rac8 19. Bb4 Bf8 20. Bxf8 Kxf8 21. Rfd1 Rc5 22. g4 Ke7 23. f5 a5 24.
f6+ Ke6 25. Re1 g5 26. h4 h6 27. Kf2 b4 28. c3 Rb5 29. Rd2 a4 30. Kg3 Bc6 31. Bf3 a3 32. cxb4 Rxb4 33. bxa3 Ra4 34.
hxg5 hxg5 35. Rh2 Rxa3 36. Rh5 d4 37. Rf1 Bxf3 38. Rxf3 Rxf3+ 39. Kxf3 d3 40. Rh1 d2 41. Ke2 c3 42. Rd1 c2 0-1

[Event "*** SCC Grand Prix: Titled Tuesday Blitz"]
[Site "Chess.com"]
[Date "2020.10.13"]
[Round "5"]
[White "GAusal"]
[Black "ZverevLev"]
[Result "1/2-1/2"]
[WhiteElo "2028"]
[BlackElo "2311"]
[TimeControl "180+1"]
[EndTime "10:54:30 PDT"]
[Termination "Game drawn by agreement"]

1. e4 c5 2. f4 e5 3. fxe5 Qh4+ 4. Ke2 Qxe4+ 5. Kf2 c4 6. Nf3 Bc5+ 7. d4 cxd3+ 8. Kg3 Qg6+ 9. Ng5 Qf5 10. Qe1 dxc2 11. Nc3 Nh6 12. h3 O-O 13. Bc4 Nc6 14. Rf1 Qxe5+ 15. Qxe5 Nxe5 16. Bb3 d6 17. Bxc2 g6 18. Bf4 Bf5 19. Nge4 Kg7 20. Nxc5 Bxc2 21. Nxb7 Nf5+ 22. Kh2 Nd3 23. Bxd6 Nxd6 24. Nxd6 1/2-1/2

[Event "*** SCC Grand Prix: Titled Tuesday Blitz"]
[Site "Chess.com"]
[Date "2020.10.13"]
[Round "5"]
[White "Inga83"]
[Black "gumimis"]
[Result "1-0"]
[WhiteElo "2397"]
[BlackElo "2240"]
[TimeControl "180+1"]
[EndTime "10:54:32 PDT"]
[Termination "Inga83 won by resignation"]

1. d4 Nf6 2. c4 c5 3. d5 b5 4. cxb5 a6 5. bxa6 Bxa6 6. Nc3 g6 7. g3 Bg7 8. Bg2 O-O 9. Nf3 d6 10. O-O Nbd7 11. Re1 Nb6 12. e4 Nfd7 13. Bf4 Nc4 14. Qc2 Rb8 15. b3 Na3 16. Qd2 c4 17. e5 cxb3 18. axb3 Rxb3 19. Nd4 Nc4 20. Qc1 Nc5 21. Nc6 Qc7 22. Rxa6 Nxa6 23. exd6 exd6 24. Nb5 Rxb5 25. Qxc4 Rb6 26. Be3 Nc5 27. Bxc5 dxc5 28. Qxc5 Rb2 29.
Ne7+ Qxe7 30. Qxe7 Rfb8 31. d6 Rb1 32. Rxb1 Rxb1+ 33. Bf1 Rd1 34. d7 Bf8 35. d8=Q Rxd8 36. Qxd8 1-0

[Event "*** SCC Grand Prix: Titled Tuesday Blitz"]
[Site "Chess.com"]
[Date "2020.10.13"]
[Round "5"]
[White "Sadykov_Ramil"]
[Black "Pashinskiy_Mikhail"]
[Result "0-1"]
[WhiteElo "2532"]
[BlackElo "2356"]
[TimeControl "180+1"]
[EndTime "10:54:34 PDT"]
[Termination "Pashinskiy_Mikhail won by checkmate"]

1. e4 c5 2. Nf3 Nc6 3. d4 cxd4 4. Nxd4 e5 5. Nb5 a6 6. Nd6+ Bxd6 7. Qxd6 Qe7 8. Qd1 Nf6 9. Nc3 d6 10. Bg5 Be6 11.
Nd5 Bxd5 12. exd5 Nb8 13. c4 Nbd7 14. Be2 O-O 15. O-O h6 16. Be3 a5 17. b3 Rfc8 18. Qd2 Ne4 19. Qc2 Nec5 20. Kh1 e4 21. Bd4 f5 22.
Rfe1 Ne5 23. Rad1 Qh4 24. Qc3 Ncd3 25. Bxd3 Nxd3 26. Re2 b5 27. Bxg7 Qg4 28. Bxh6 Kh7 29. Red2 Nxf2+ 30. Kg1 Nxd1 31. Qf6 Rg8 32. h3 Qg6 33.
Qe7+ Kxh6 34. Rxd1 Qxg2# 0-1

[Event "*** SCC Grand Prix: Titled Tuesday Blitz"]
[Site "Chess.com"]
[Date "2020.10.13"]
[Round "5"]
[White "Al_Shima"]
[Black "Oglob71"]
[Result "0-1"]
[WhiteElo "2341"]
[BlackElo "2492"]
[TimeControl "180+1"]
[EndTime "10:54:38 PDT"]
[Termination "Oglob71 won by resignation"]

1. b3 Nf6 2. Bb2 e6 3. e3 d5 4. f4 Be7 5. Nf3 O-O 6. Bd3 b6 7. O-O Bb7 8. Ne5 Ne4 9. Nc3 f6 10.
Nxe4 dxe4 11. Bc4 fxe5 12. Bxe6+ Kh8 13. Bxe5 Bf6 14. Qh5 Qe7 15. Bf5 g6 16. Bxg6 Nd7 17.
Bc3 Bxc3 18. dxc3 Nf6 19. Qh4 Qg7 20. Bf5 Nd5 21. Bxe4 Rae8 22. Bxd5 Bxd5 23. Qf2 Rxe3 24. c4 Rxf4 25. Qd2 Rd4 26. Qf2 Bb7 27. Rae1 Rxe1 28. Rxe1 Rd8 29. h3 Rg8 30. Re2 h6 31. a4 c5 32. Kh2 Qc7+ 33. g3 Qc6 34. Re1 Rg7 35.
Qf8+ Kh7 36. Qf5+ Qg6 37. Qf2 Rf7 38. Qd2 Qf5 39. Re2 Qf3 40. Qd3+ Qxd3 41. cxd3 Kg6 42. Re6+ Kg7 43. Re2 Bc6 44. Rd2 Rd7 45. Kg1 Be4 0-1

[Event "*** SCC Grand Prix: Titled Tuesday Blitz"]
[Site "Chess.com"]
[Date "2020.10.13"]
[Round "5"]
[White "kinga2008"]
[Black "ajdemipopushi"]
[Result "1-0"]
[WhiteElo "2193"]
[BlackElo "2337"]
[TimeControl "180+1"]
[EndTime "10:54:38 PDT"]
[Termination "kinga2008 won by resignation"]

1. e4 c5 2. Nf3 g6 3. c3 d5 4. e5 Nc6 5. d4 Bg4 6. Bb5 Qb6 7. Bxc6+ bxc6 8. O-O e6 9. Qb3 Bxf3 10. Qxb6 axb6 11.
gxf3 cxd4 12. cxd4 Ne7 13. Nc3 Nf5 14. Be3 Kd7 15.
a4 Be7 16. Rac1 c5 17. Nb5 Rhc8 18. b3 c4 19. bxc4 Rxc4 20. Rxc4 dxc4 21. Ra1 Nh4 22. f4 Nf5 23. Kf1 h5 24. Ke2 Bb4 25. Bd2 Nxd4+ 26. Nxd4 Bc5 27. Nc2 Kc6 28. Be3 Be7 29. Kd2 1-0

[Event "*** SCC Grand Prix: Titled Tuesday Blitz"]
[Site "Chess.com"]
[Date "2020.10.13"]
[Round "5"]
[White "Azatic"]
[Black "Sueetin"]
[Result "1-0"]
[WhiteElo "2494"]
[BlackElo "2266"]
[TimeControl "180+1"]
[EndTime "10:54:39 PDT"]
[Termination "Azatic won by resignation"]

1. e4 e6 2. d3 c5 3. Nd2 Nc6 4. g3 d5 5. Bg2 Nf6 6. f4 Be7 7. Ngf3 O-O 8. O-O dxe4 9. dxe4 b6 10. Qe2 Bb7 11. e5 Nd5 12. Ne4 Nd4 13. Nxd4 cxd4 14. f5 exf5 15. Rxf5 Qc7 16. Bh6 gxh6 17. Nf6+ Bxf6 18.
exf6 Ne3 19. Bxb7 Qxb7 20. Re5 Rfe8 21. Rxe3 Rxe3 22. Qg4+ Kf8 23. Qg7+ Ke8 24. Qg8+ Kd7 25. Qxf7+ Kc6 26. Qc4+ Kd6 27. Qxd4+ Qd5 28. Qxe3 1-0

[Event "*** SCC Grand Prix: Titled Tuesday Blitz"]
[Site "Chess.com"]
[Date "2020.10.13"]
[Round "5"]
[White "Akmal_Fayzullaev"]
[Black "GHANDEEVAM2003"]
[Result "0-1"]
[WhiteElo "2416"]
[BlackElo "3044"]
[TimeControl "180+1"]
[EndTime "10:54:40 PDT"]
[Termination "GHANDEEVAM2003 won on time"]

1. d4 d5 2. c4 e6 3. Nc3 c6 4. Nf3 Nf6 5. Bg5 h6 6. Bh4 dxc4 7. e3 b5 8. e4 g5 9. Bg3 Bb7 10. Qc2 Nbd7 11. Be2 a6 12. Rd1 Qb6 13. Ne5 Be7 14. O-O h5 15. f4 h4 16. Bf2 gxf4 17. Nxd7 Nxd7 18. d5 Bc5 19. dxe6 fxe6 20. e5 O-O-O 21.
Bg4 Bxf2+ 22. Rxf2 Nxe5 23. Bxe6+ Kb8 24. Bf5 h3 25.
gxh3 Rdg8+ 26. Kh1 Nd3 27. Bxd3 cxd3 28. Rxd3 c5+ 29.
Nd5 c4 0-1